 Dungeon Crawl Stone Soup version 0.30-a0-49-g1cef19eb02 (webtiles) character file.

Game seed: 17847930897763307280

42 scionoferis the Slasher (level 3, 0/33 HPs)
             Began as a Naga Warper on Sept 2, 2022.
             Slain by an iguana (13 damage)
             ... on level 2 of the Dungeon.
             The game lasted 00:03:17 (1678 turns).

scionoferis the Slasher (Naga Warper)               Turns: 1678, Time: 00:03:17

Health: 0/33       AC:  2    Str: 13    XL:     3   Next: 56%
Magic:  6/6        EV:  9    Int: 13    God:
Gold:   83         SH:  0    Dex: 12    Spells: 3/6 levels left

rFire   . . .      SeeInvis +    a - +0 falchion
rCold   . . .      Faith    .    (no shield)
rNeg    . . .      Spirit   .    e - +0 leather armour
rPois   +          Reflect  .    (no helmet)
rElec   .          Harm     .    (no cloak)
rCorr   .          Rampage  .    (no gloves)
Will    .....                    (no barding)
Stlth   +.........               (no amulet)
HPRegen 0.11/turn                (no ring)
MPRegen 0.10/turn                (no ring)

@: very slow
A: AC +1, large, see invisible, deformed body, poison resistance, slowness 2,
spit poison 1, naga tail 1
a: Spit Poison


You were on level 2 of the Dungeon.
You visited 1 branch of the dungeon, and saw 2 of its levels.

You collected 83 gold pieces.

Inventory:

Hand Weapons
 a - a +0 falchion (weapon)
 b - a +0 sling
Missiles
 d - 7 boomerangs of dispersal (quivered)
 g - 7 poisoned darts
 j - 6 javelins
Armour
 e - a +0 leather armour (worn)
Scrolls
 c - 2 scrolls of blinking
 h - a scroll of fear {unknown}
 i - a scroll of teleportation {unknown}
 k - a scroll of identify {unknown}
 l - a scroll of immolation {unknown}
 m - a scroll of summoning {unknown}
 n - a scroll of poison {unknown}
Potions
 f - 2 potions of curing


   Skills:
 + Level 2.6 Fighting
 * Level 3.3 Long Blades
 - Level 0.8 Throwing
 - Level 0.7 Armour
 - Level 1.5 Dodging
 - Level 2.0 Spellcasting
 - Level 3.0 Translocations


You had 3 spell levels left.
You knew the following spells:

 Your Spells              Type           Power      Damage    Failure   Level
a - Blink                 Tloc           18%        N/A       14%         2
b - Apportation           Tloc           18%        N/A       10%         1

Your spell library contained the following spells:

 Spells                   Type           Power      Damage    Failure   Level
 Gell's Gravitas          Tloc           9%         N/A       28%         3
 Lesser Beckoning         Tloc           9%         N/A       28%         3
 Teleport Other           Tloc           9%         N/A       28%         3
 Manifold Assault         Tloc           9%         N/A       95%         5
 Alistair's Intoxication  Tmut/Pois      0%         N/A       100%        5


Dungeon Overview and Level Annotations

Branches:
Dungeon (2/15)

Altars:

Shops:
D:1 :   D:2 (


Innate Abilities, Weirdness & Mutations

Your serpentine skin is tough. (AC +1)
You have supernaturally acute eyesight. (SInv)
Armour fits poorly on your strangely shaped body.
Your system is resistant to poisons. (rPois)
You cover ground very slowly.
You can spit poison.
You have a snake-like lower body.


Message History

You now have 74 gold pieces (gained 12).
b - a +0 sling (weapon)
You now have 83 gold pieces (gained 9).
Things that are here:
a +0 mace; 4 stones; a hobgoblin corpse
m - a scroll labelled OVEUHI LUNESS
n - a scroll labelled VIARPH VIC SYC An iguana is nearby!
You shoot a sling bullet.
The sling bullet barely misses the iguana.
The iguana hisses angrily.
Aiming: Spit Poison (2% risk of failure)
Press: ? - help, Shift-Dir - straight line, f/p - iguana
Aim: an iguana (65% to hit)
The splash of poison hits the iguana.
The iguana is lightly wounded.
a - a +0 falchion (weapon)
You hit the iguana but do no damage.
The iguana is lightly wounded.
The iguana bites you!
You hit the iguana.
The iguana is heavily wounded.
The iguana bites you.
You hit the iguana but do no damage.
The iguana is heavily wounded.
You have got your breath back.
The iguana closely misses you. The iguana bites you.
You hit the iguana but do no damage.
The iguana is heavily wounded.
The iguana bites you.
You barely miss the iguana.
The iguana is heavily wounded.
The iguana closely misses you.
You hit the iguana.
The iguana is severely wounded.
The iguana misses you.
You hit the iguana.
The iguana is almost dead.
The iguana bites you!
You die...

#......#### #...
........# #..#
.#####.## # #.. ?
.# #. ... .#
#.##.# ..#.# #
#..######## ..
#.......... ..#
#@..######
##..l#..# ##.##
#∩...#..###.#.##
#.....))##.###.##
#.##.##.#.##
##.## #....>..†##
##.# ####.##.#.#
##.## ### #.
#.##.###.## #..
#># #.#..#####.#


You could see an iguana.

Vanquished Creatures
  2 dart slugs (D:1)
  2 bats (D:1)
  3 endoplasms (D:1)
  2 giant cockroaches (D:1)
  4 hobgoblins
  6 kobolds
  A quokka (D:1)
  4 ball pythons
  5 frilled lizards (D:1)
  5 goblins (D:1)
  2 rats
36 creatures vanquished.

Notes
Turn   | Place    | Note
-------+----------+-------------------------------------------
     0 | D:1      | scionoferis the Naga Warper began the quest for the Orb.
     0 | D:1      | Reached XP level 1. HP: 19/19 MP: 3/3
   144 | D:1      | Reached XP level 2. HP: 20/26 MP: 5/5
   149 | D:1      | Learned a level 2 spell: Blink
   648 | D:1      | Found a faded altar of an unknown god.
   796 | D:1      | Found Haucue's Book Emporium.
   946 | D:1      | Reached XP level 3. HP: 33/33 MP: 6/6
  1124 | D:1      | Learned a level 1 spell: Apportation
  1656 | D:2      | Found Xewaicod's Antique Weapon Boutique.
  1678 | D:2      | Slain by an iguana

Illustrated notes

Levels and vault maps discovered:
D:1:      giann_bridges, layout_basic, serial_shops, nicolae_lakefront_shop,
          nicolae_ecumenical_lake_church, chequers_serial_rivers_small_3,
          st_stairs_10
D:2:      layout_loops_ring, serial_shops, shop

Skill      XL: |  1  2 |
---------------+-------+-----
Long Blades    | 3 |  3.3
Fighting       | |  2.6
Throwing       | |  0.8
Armour         | |  0.7
Dodging        | |  1.5
Spellcasting   | |  2.0
Translocations | |  3.0

Action                   || total
-------------------------++-------
Melee: Falchion          ||    77
 Fire: Sling             ||    40
 Abil: Spit Poison       ||     1
  Use: Potion            ||     1
Armor: Leather armour    ||    17
Dodge: Dodged            ||    31

Table legend: (Time is in decaauts)
 A = Elapsed time spent in this place.
 B = Non-inter-level travel time spent in this place.
 C = Inter-level travel time spent in this place.
 D = Time resting spent in this place.
 E = Time spent auto-exploring this place.
 F = Levels seen in this place.
 G = Mean time per level.
                   A        B        C        D        E       F      G
               +--------+--------+--------+--------+--------+-----+--------+
         Total |   2022 |   1924 |     98 |     40 |   1603 |   2 | 1011.0 |
       Dungeon |   2022 |   1924 |     98 |     40 |   1603 |   2 | 1011.0 |
               +--------+--------+--------+--------+--------+-----+--------+

Top non-repeatable levels by time:
     D:1: 1760 daAuts
     D:2: 261 daAuts
